 Dungeon Crawl Stone Soup version 0.30.0-30-g96aa6591b8 (webtiles) character file.

Game seed: 13663560121047543398

1523 cdecastro the Transmogrifier (level 8, -4/59 HPs)
             Began as a Black Draconian Transmuter on June 27, 2023.
             Was an Initiate of Gozag.
             Killed by divine providence
             ... invoked by an orc priest
              (15 damage)
             ... on level 6 of the Dungeon.
             The game lasted 00:12:07 (4988 turns).

cdecastro the Transmogrifier (DrTm)                 Turns: 4988, Time: 00:12:07

Health: -4/59      AC:  8    Str: 12    XL:     8   Next: 54%
Magic:  9/11       EV: 12    Int: 15    God:    Gozag
Gold:   266        SH:  0    Dex: 13    Spells: 0/11 levels left

rFire   . .          .
                       - Unarmed
rCold   . . .        (no shield)
rNeg    . . .        (body armour unavailable)
rPois   .            (helmet restricted)
rElec   +            x - scarf {+Inv}
rCorr   .            e - +0 pair of gloves
SInv    .            h - +0 pair of boots
Will    +....        (no amulet)
Stlth   +            y - ring of willpower
HPRegen 0.29/turn    q - +4 ring of slaying
MPRegen 0.12/turn

%: no passive effects
@: no status effects
A: breathe lightning, AC +6, unfitting armour, electricity resistance,
cold-blooded
a: Breathe Lightning, Renounce Religion, Evoke Invisibility, Potion Petition,
Call Merchant, Bribe Branch


You were on level 6 of the Dungeon.
You worshipped Gozag.
Gozag was aware of your devotion.
You visited 1 branch of the dungeon, and saw 6 of its levels.

You collected 377 gold pieces.
You paid 111 gold pieces to Gozag.

Inventory:

Missiles
 g - 15 poisoned darts
 u - 4 curare-tipped darts
Armour
 e - a +0 pair of gloves (worn)
 h - a +0 pair of boots (worn)
 n - the +3 buckler of Ceteegg {Dex+4}
   (You found it on level 3 of the Dungeon)

   Dex:       It affects your dexterity (+4).
 x - a scarf of invisibility (worn)
Jewellery
 k - a ring of magical power
 q - a +4 ring of slaying (right hand)
 w - a ring of positive energy
 y - a ring of willpower (left hand)
Wands
 B - a wand of polymorph (8)
 E - a wand of paralysis (11)
Scrolls
 f - 4 scrolls of enchant weapon {unknown}
 i - 2 scrolls of teleportation {unknown}
 j - a scroll of amnesia {unknown}
 l - 2 scrolls of fear {unknown}
 o - a scroll of fog {unknown}
 r - 6 scrolls of identify {unknown}
 s - a scroll of magic mapping {unknown}
 t - a scroll of noise {unknown}
 z - a scroll of immolation {unknown}
 A - 3 scrolls of poison {unknown}
 C - 2 scrolls of torment {unknown}
Potions
 a - 2 potions of lignification
 b - a potion of heal wounds {unknown}
 c - 4 potions of curing {unknown}
 d - 2 potions of brilliance {unknown}
 m - a potion of attraction {unknown}
 p - a potion of haste {unknown}
 v - 5 potions of magic {unknown}
 D - a potion of invisibility {unknown}


   Skills:
 - Level 1.1 Fighting
 - Level 1.7 Dodging
 + Level 6.8 Unarmed Combat
 - Level 2.0 Spellcasting
 * Level 9.1 Transmutations


You couldn't memorise any spells.
You knew the following spells:

 Your Spells              Type           Power      Damage    Failure   Level
a - Beastly Appendage     Tmut           56%        N/A       1%          1
b - Wereblood             Tmut           28%        N/A       1%          2
c - Spider Form           Tmut/Pois      15%        N/A       11%         3
d - Blade Hands           Tmut           14%        N/A       14%         5

Your spell library contained the following spells:

 Spells                   Type           Power      Damage    Failure   Level
 Ice Form                 Ice/Tmut       15%        N/A       34%         4
 Gell's Gravitas          Tloc           1%         N/A       54%         3
 Portal Projectile        Hex/Tloc       2%         N/A       54%         3
 Teleport Other           Tloc           1%         N/A       54%         3
 Tukima's Dance           Hex            1%         N/A       54%         3
 Dispersal                Tloc           0%         N/A       100%        6
 Chain Lightning          Conj/Air       0%         2d1       100%        9
 Fire Storm               Conj/Fire      0%         6d1       100%        9
 Shatter                  Erth           0%         3d5*      100%        9


Dungeon Overview and Level Annotations

Branches:
Dungeon (6/15)
 Temple: D:4-7

Altars:
Elyvilon
Fedhas
Gozag
Kikubaaqudgha
Qazlal
Trog
The Shining One

Shops:
D:2 (:


Innate Abilities, Weirdness & Mutations

You can breathe wild blasts of lightning.
Your glossy black scales are hard. (AC +6)
You cannot fit into any form of body armour.
You are resistant to electric shocks. (rElec)
You are cold-blooded and may be slowed by cold attacks.


Message History

A gnoll comes into view. It is wielding a +0 spear.
The orc priest is no longer distracted by gold.
The orc priest misses you.
The orc wizard gestures at you while chanting.
The magic dart hits you!
A gnoll comes into view. It is wielding a +0 flail.
The orc priest mumbles some strange prayers to Beogh against you.
Beogh smites you!
* * * LOW HITPOINT WARNING * * *
Items here: $ ))) [.
You bite the orc priest!
The orc priest is poisoned.
The orc priest is severely wounded.
You hiss as the wereblood boils in your veins!
Your transformation has ended.
Your scarf of invisibility unmelds from your body.
Your +0 pair of gloves unmelds from your body.
Your +0 pair of boots unmelds from your body.
You become transparent for a moment.
The orc priest looks braver for a moment.
The orc wizard barely misses you.
The orc priest invokes the aid of Beogh against you.
Beogh smites you!
* * * LOW HITPOINT WARNING * * *
The orc wizard attacks as you move away!
The orc wizard barely misses you.
The orc priest hits you but does no damage.
You see here 7 gold pieces.
You kill the orc priest!
The gnoll is distracted by your dazzling golden aura.
The orc wizard attacks as you move away!
The orc wizard hits you but does no damage.
Your primal bloodlust has ended.
The gnoll is no longer distracted by gold.
A gnoll bouda comes into view. It is wielding a +0 club.
The orc wizard attacks as you move away!
The orc wizard closely misses you.
The orc priest invokes the aid of Beogh against you.
Beogh smites you!
You die...
Your body crumbles into a pile of gold.

..........###.#...
.........##......
.........##..# .# #.
#.........# .## ##.
##.......## .. ##..
#........## .# ..##...
##........##.#
.......##...o.og.g#$.###
#.......<.@.#.##g.$$...# $
#.....##..#.########$......
..... ####..# ....... ....
..## o...... ... ...
....... .. .... ......[ .
.<... ....... ... .......


You could see an orc priest, an orc wizard and 2 gnolls.

Vanquished Creatures
  Pikel (D:5)
  An ice beast (D:6)
  An ogre (D:5)
  3 lemures (D:5)
  2 scorpions (D:5)
  5 hounds
  An orc priest (D:6)
  2 jellies (D:5)
  2 sleepcaps
  Jessica (D:3)
  2 iguanas
  Natasha (thrice) (D:3)
  2 orc wizards (D:4)
  6 gnolls
  10 adders
  An ufetubus (D:4)
  3 worms (D:2)
  2 dart slugs
  11 orcs
  9 ball pythons
  5 endoplasms
  7 hobgoblins
  6 jackals
  5 quokkas
  11 bats
  3 frilled lizards
  10 goblins
  4 kobolds
  4 rats
123 creatures vanquished.

Vanquished Creatures (others)
  A wizard (D:3)
1 creature vanquished.

Grand Total: 124 creatures vanquished

Notes
Turn   | Place    | Note
-------+----------+-------------------------------------------
     0 | D:1      | cdecastro the Draconian Transmuter began the quest for the
                  | Orb.
     0 | D:1      | Reached XP level 1. HP: 16/16 MP: 3/3
   223 | D:1      | Reached XP level 2. HP: 23/23 MP: 3/5
   418 | D:1      | Reached skill level 3 in Transmutations
   901 | D:1      | Reached XP level 3. HP: 28/28 MP: 4/6
  1570 | D:2      | Found Xeduumal's Antique Weapon Emporium.
  1641 | D:2      | Reached XP level 4. HP: 35/35 MP: 5/7
  1848 | D:2      | Reached skill level 4 in Transmutations
  1947 | D:2      | Found Riohaiq's Book Emporium.
  1992 | D:2      | Found a faded altar of an unknown god.
  2024 | D:2      | Prayed at the altar of an unknown god.
  2024 | D:2      | Became a worshipper of Elyvilon the Healer
  2024 | D:2      | Reached * piety under Elyvilon
  2132 | D:2      | Found a blossoming altar of Fedhas.
  2184 | D:2      | Learned a level 2 spell: Wereblood
  2188 | D:2      | Learned a level 3 spell: Spider Form
  2276 | D:3      | Identified the +3 buckler of Ceteegg {Dex+4}
  2527 | D:3      | Noticed Natasha
  2539 | D:3      | Killed Natasha
  2540 | D:3      | Reached XP level 5. HP: 32/40 MP: 8/8
  2587 | D:3      | Reached ** piety under Elyvilon
  2614 | D:3      | Found a white marble altar of Elyvilon.
  2639 | D:3      | Found a bloodstained altar of Trog.
  2643 | D:3      | Noticed a wizard
  2648 | D:3      | Killed a wizard
  2828 | D:3      | Noticed Jessica
  2835 | D:3      | Killed Jessica
  2872 | D:3      | Noticed Natasha
  2879 | D:3      | Killed Natasha
  2880 | D:3      | Reached skill level 5 in Transmutations
  2910 | D:3      | Noticed Natasha
  2920 | D:3      | Killed Natasha
  2965 | D:4      | Reached XP level 6. HP: 39/47 MP: 9/9
  3347 | D:4      | Reached skill level 6 in Transmutations
  3750 | D:5      | Entered Level 5 of the Dungeon
  3764 | D:5      | Reached skill level 5 in Unarmed Combat
  3781 | D:5      | Your scales start taking on a glossy black colour.
  3781 | D:5      | Reached XP level 7. HP: 47/52 MP: 8/10
  3781 | D:5      | Gained mutation: You are resistant to electric shocks.
                  | (rElec) [Black Draconian growth]
  4014 | D:5      | Reached *** piety under Elyvilon
  4057 | D:5      | Reached skill level 7 in Transmutations
  4317 | D:5      | Noticed Pikel
  4351 | D:5      | HP: 2/52 [Pikel/+2 whip of freezing (3)]
  4353 | D:5      | Killed Pikel
  4354 | D:5      | Reached skill level 8 in Transmutations
  4354 | D:5      | Reached XP level 8. HP: 1/59 MP: 7/11
  4624 | D:5      | Found an opulent altar of Gozag.
  4625 | D:5      | Found a glowing golden altar of the Shining One.
  4625 | D:5      | Found an ancient bone altar of Kikubaaqudgha.
  4626 | D:5      | Found a stormy altar of Qazlal.
  4854 | D:5      | Learned a level 5 spell: Blade Hands
  4913 | D:5      | Fell from the grace of Elyvilon
  4913 | D:5      | Became a worshipper of Gozag Ym Sagoz the Greedy
  4976 | D:6      | Reached skill level 9 in Transmutations
  4988 | D:6      | Killed from afar by an orc priest

Illustrated notes

Levels and vault maps discovered:
D:1:      psy_arrival_terrarium, layout_loops_ring, serial_forest,
          infiniplex_forest_lined_1, infiniplex_forest_clump_tiny,
          infiniplex_forest_clump_long, infiniplex_forest_clump_small,
          infiniplex_forest_3_way, infiniplex_forest_lined_ring,
          infiniplex_forest_lined_room_2, infiniplex_forest_straight_3,
          wander_ebering_terrifying_dragon_lair
D:2:      minmay_wonky_spiral, layout_basic, basic_altar,
          chequers_ecumenical_altar_grove, serial_shops,
          nicolae_shop_pleasant_corner_grove, shop, minmay_misc_feat_hallway,
          grunt_ministairs_8, kennysheep_generic_room_4
D:3:      layout_rooms, nicolae_elyvilon_peaceful_grove, trog_wizard,
          kennysheep_jessica_study, uniq_natasha
D:4:      layout_loops_ring, hangedman_decor_lopped, minmay_gold_behind_fungi
D:5:      layout_cave_pools, chequers_temple_overflow_statue_of_worship,
          uniq_pikel
D:6:      layout_cave_pools, serial_gnoll_camp, gnoll_camp_mini_basic,
          gnoll_camp_mini_house, gnoll_camp_huts_basic, gnoll_camp_mini_doghouse

Skill      XL: |  1  2  3  4  5  6  7  8 |
---------------+-------------------------+-----
Transmutations | 3 4 5 6 8 9 |  9.1
Unarmed Combat | 4 5 6 |  6.8
Fighting       | |  1.1
Dodging        | |  1.7
Spellcasting   | |  2.0

Action                     |  1- 3 |  4- 6 |  7- 9 || total
---------------------------+-------+-------+-------++-------
  Melee: Unarmed           |   288 |   136 |    73 ||   497
         Tailslap          |    67 |    21 |    11 ||    99
         Headbutt          |    23 |    18 |    12 ||    53
         Kick              |    37 |    22 |    13 ||    72
         Punch             |    12 |     5 |       ||    17
   Cast: Beastly Appendage |    28 |    35 |    11 ||    74
         Wereblood         |       |     5 |     3 ||     8
         Spider Form       |       |       |     2 ||     2
Ability: Breathe Lightning |       |       |     3 ||     3
   Stab: Sleeping          |     1 |     1 |     1 ||     3
 Armour: Skin              |    37 |    46 |    17 ||   100
  Dodge: Dodged            |    90 |    73 |    48 ||   211
